 Dungeon Sprint DCSS version 0.21-a0-229-g3587535 (webtiles) character file.

4795 terra52 the Brawler (level 10, -3/91 HPs)
             Began as a Troll Transmuter on Sept 1, 2017.
             Was a Follower of Hepliaklqana.
             Slain by an unseen horror (10 damage)
             ... in the Dungeon (Sprint I: "Red Sonja").
             The game lasted 00:06:43 (677 turns).

terra52 the Brawler (Troll Transmuter)               Turns: 677, Time: 00:06:44

Health: -3/91      AC:  5    Str: 20    XL:     10   Next: 24%
Magic:  12/18      EV: 11    Int: 12    God:    Hepliaklqana [*.....]
Gold:   779        SH:  0    Dex: 10    Spells: 13/21 levels left

rFire    . . .     SeeInvis .     - Unarmed
rCold    . . .     Gourm    +   (shield currently unavailable)
rNeg     . . .     Faith    .   b - +0 robe
rPois    .         Spirit   .   (helmet restricted)
rElec    .         Reflect  .   (no cloak)
rCorr    .         Harm     .   (gloves unavailable)
MR       .....     NoTele   +   (boots unavailable)
Stlth    ++........             (no amulet)
HPRegen  0.65/turn              (no ring)
MPRegen  0.16/turn              (no ring)

@: blade hands, hasted, very quick
A: unfitting armour, reduced essence, claws 3, fast metabolism 3, gourmand,
regeneration 1, shaggy fur 1, tough skin 2
a: End Transformation, Recall Ancestor, Ancestor Identity, Renounce Religion


You were in the Dungeon.
You worshipped Hepliaklqana.
Hepliaklqana was aware of your devotion.
You were full.
You had blades for hands.
You visited 1 branch You collected 779 gold pieces.

Inventory:

Missiles
 a - 35 arrows
Armour
 b - a +0 robe (worn)
Scrolls
 j - a scroll of blinking
 m - a scroll of recharging {unknown}
Potions
 e - 2 potions of curing
 f - a potion of heal wounds
 h - 2 potions of magic
 l - a potion of flight {unknown}
Books
 c - a book of Changes

   Spells                             Type                      Level
   a - Beastly Appendage              Transmutation                1
   b - Sticks to Snakes               Transmutation                2
   c - Spider Form                    Transmutation/Poison         3
   d - Ice Form                       Ice/Transmutation            4
   e - Blade Hands                    Transmutation                5
Comestibles
 d - 3 bread rations
 i - a royal jelly


   Skills:
 * Level 7.3 Fighting
 + Level 5.3 Dodging
 + Level 2.0 Stealth
 + Level 15.1 Unarmed Combat
 + Level 6.3 Spellcasting
 * Level 9.5 Transmutations


You had 13 spell levels left.
You knew the following spells:

 Your Spells              Type           Power        Failure   Level  Hunger
a - Beastly Appendage     Tmut           ####..       11%         1    None
b - Sticks to Snakes      Tmut           ####....     12%         2    ##.....
c - Blade Hands           Tmut           ####......   45%         5    ######.


Dungeon Overview and Level Annotations

Branches:
Dungeon (1/1)

Altars:
Cheibriados
Dithmenos
Elyvilon
Fedhas
Gozag
Hepliaklqana
Kikubaaqudgha
Makhleb
Nemelex Xobeh
Okawaru
Qazlal
Ru
Sif Muna
Trog
Uskayaw
Vehumet
Wu Jian
Xom
Yredelemnul
Zin
The Shining One
Jiyva
Lugonu

Shops:
D ([


Innate Abilities, Weirdness & Mutations

You are too large for most types of armour.
You have claws for hands.
Your metabolism is lightning-fast.
You like to eat raw meat.
Your natural rate of healing is unusually fast.
You are covered in fur. (AC +1)
You have very tough skin. (AC +2)
Your life essence is reduced to manifest your ancestor. (-10% HP)


Message History

Xiloxoch is destroyed!
Something hits you. Something hits you. Something barely misses you.
Something hits you.
* * * LOW HITPOINT WARNING * * *
Something hits you!
* * * LOW HITPOINT WARNING * * *
Something hits you.
* * * LOW HITPOINT WARNING * * *
There is an open door, spattered with blood here.
You feel yourself speed up. Something hits you.
* * * LOW HITPOINT WARNING * * *
You slash something! x2; Something hits you but does no damage.
You shred something!!!
Reactivating autopickup.
Your Stealth skill increases to level 2!
Your Unarmed Combat skill increases to level 15!
You feel a bit more experienced.
Deactivating autopickup; reactivate with Ctrl-A.
You barely miss something. Your slash misses something. Something hits you!
You die...

_###+#.#.)..###.'.#
## ####'###.###.#
+§...§'.∩##.#
###########.# #.
#§# #.. +.#
#+..######§#
#.....nn{#§#
#....§n.#@§#
$?..§§...≈####
!.....§.≈≈#
......§≈≈##
#..≈≈§§### +######


You could see a necrophage.

Vanquished Creatures
  2 centaur warriors (D)
  A deep troll (D)
  An unseen horror (D)
  An oklob plant (D)
  A kobold demonologist (D)
  A slime creature (D)
  A hornet (D)
  2 redbacks (D)
  A yak (D)
  2 floating eyes (D)
  An ogre (D)
  8 jellies (D)
  Ijyb (D)
23 creatures vanquished.

Vanquished Creatures (collateral kills)
  A kobold demonologist (D)
  Sigmund (D)
2 creatures vanquished.

Vanquished Creatures (others)
  An ancestor (D)
1 creature vanquished.

Grand Total: 26 creatures vanquished

Notes
Turn   | Place    | Note
-------+----------+-------------------------------------------
     0 | D        | terra52 the Troll Transmuter began the quest for the Orb.
     0 | D        | Reached XP level 1. HP: 18/18 MP: 1/1
     2 | D        | Noticed Ijyb
     6 | D        | Killed Ijyb
     6 | D        | Reached skill level 5 in Unarmed Combat
     6 | D        | Reached XP level 2. HP: 25/26 MP: 0/3
    11 | D        | Learned a level 2 spell: Sticks to Snakes
    42 | D        | Noticed an ogre
    46 | D        | Killed an ogre
    46 | D        | Reached skill level 7 in Unarmed Combat
    46 | D        | Reached XP level 3. HP: 32/32 MP: 0/6
    46 | D        | Reached XP level 4. HP: 40/40 MP: 0/7
    62 | D        | Noticed Sigmund
    68 | D        | Killed Sigmund
    68 | D        | Reached skill level 1 in Fighting
    68 | D        | Reached skill level 9 in Unarmed Combat
    68 | D        | Reached XP level 5. HP: 45/48 MP: 2/9
    97 | D        | Found a deep blue altar of Sif Muna.
    99 | D        | Found an ornate altar of the Wu Jian Council.
   100 | D        | Found a radiant altar of Vehumet.
   102 | D        | Reached XP level 6. HP: 54/55 MP: 5/10
   127 | D        | Found Ciarusti's Antique Weapon Emporium.
   127 | D        | Found an ancient bone altar of Kikubaaqudgha.
   127 | D        | Found a hazy altar of Hepliaklqana.
   127 | D        | Found a stormy altar of Qazlal.
   127 | D        | Found a hide-covered altar of Uskayaw.
   127 | D        | Found a blossoming altar of Fedhas.
   127 | D        | Found a bloodstained altar of Trog.
   127 | D        | Found an iron altar of Okawaru.
   127 | D        | Found a basalt altar of Yredelemnul.
   127 | D        | Found a glowing golden altar of the Shining One.
   127 | D        | Found a snail-covered altar of Cheibriados.
   127 | D        | Found a sacrificial altar of Ru.
   127 | D        | Found a glowing silver altar of Zin.
   127 | D        | Found a shadowy altar of Dithmenos.
   127 | D        | Found a white marble altar of Elyvilon.
   127 | D        | Noticed a yak
   133 | D        | Killed a yak
   133 | D        | Reached skill level 10 in Unarmed Combat
   134 | D        | Found an opulent altar of Gozag.
   137 | D        | Found a sparkling altar of Nemelex Xobeh.
   143 | D        | Became a worshipper of Hepliaklqana the Forgotten
   159 | D        | Found a burning altar of Makhleb.
   159 | D        | Found a shimmering altar of Xom.
   159 | D        | Noticed a slime creature
   165 | D        | Killed a slime creature
   165 | D        | Reached skill level 5 in Transmutations
   165 | D        | Reached XP level 7. HP: 60/60 MP: 9/12
   166 | D        | Found a viscous altar of Jiyva.
   166 | D        | Found a corrupted altar of Lugonu.
   182 | D        | Noticed a kobold demonologist
   184 | D        | Noticed a kobold demonologist
   187 | D        | Reached skill level 11 in Unarmed Combat
   191 | D        | Killed a kobold demonologist
   197 | D        | Killed a kobold demonologist
   197 | D        | Reached skill level 12 in Unarmed Combat
   197 | D        | Reached XP level 8. HP: 71/71 MP: 12/14
   225 | D        | Noticed a centaur warrior
   227 | D        | Noticed a centaur warrior
   232 | D        | Killed a centaur warrior
   232 | D        | Reached skill level 5 in Fighting
   232 | D        | Reached skill level 1 in Stealth
   232 | D        | Reached skill level 13 in Unarmed Combat
   232 | D        | Reached skill level 5 in Spellcasting
   239 | D        | Killed a centaur warrior
   239 | D        | Reached skill level 5 in Dodging
   239 | D        | Reached XP level 9. HP: 42/80 MP: 14/16
   369 | D        | Learned a level 5 spell: Blade Hands
   371 | D        | Reached * piety under Hepliaklqana
   374 | D        | Noticed an oklob plant
   381 | D        | Killed an oklob plant
   381 | D        | Reached skill level 14 in Unarmed Combat
   456 | D        | Noticed a deep troll
   460 | D        | Killed a deep troll
   516 | D        | Found Afefummue's Armour Emporium.
   551 | D        | Reached XP level 10. HP: 74/90 MP: 13/18
   638 | D        | Paralysed by a floating eye for 4 turns
   676 | D        | Killed an unseen horror
   676 | D        | Reached skill level 15 in Unarmed Combat
   677 | D        | Slain by an unseen horror

Vault maps used:
D:        dungeon_sprint_1

Skill      XL: |  1  2  3  4  5  6  7  8  9 10 |
---------------+-------------------------------+-----
Dodging        | 2 3 4 5 |  5.3
Unarmed Combat | 5 7 9 10 12 13 14 15 | 15.1
Transmutations | 2 3 4 5 6 8 9 |  9.5
Spellcasting   | 2 3 4 5 6 |  6.3
Fighting       | 1 3 4 6 7 |  7.3
Stealth        | 1 2 |  2.0

Action                   |  1- 3 |  4- 6 |  7- 9 | 10-12 || total
-------------------------+-------+-------+-------+-------++-------
Melee: Unarmed           |     6 |    18 |    40 |    22 ||    86
       Kick              |       |     3 |     3 |       ||     6
       Punch             |       |       |     3 |     2 ||     5
 Cast: Beastly Appendage |     2 |     3 |     1 |       ||     6
       Sticks to Snakes  |     1 |       |       |       ||     1
       Blade Hands       |       |       |     3 |     2 ||     5
  Use: Potion            |       |       |     1 |     1 ||     2
 Stab: Sleeping          |       |       |     2 |     1 ||     3
  Eat: Chunk             |       |       |    10 |       ||    10
Armor: Robe              |     1 |     2 |     3 |     4 ||    10
Dodge: Dodged            |     2 |     4 |    10 |     4 ||    20

Table legend:
 A = Spawn XP
 B = Non-spawn XP
 C = Spawn XP percentage of total XP
 D = Spawn monster count
 E = Non-spawn monster count
 F = Spawn count percentage of total count
 G = Total turns spent on level
                    A         B        C        D         E        F      G
               +---------+---------+-------+---------+---------+-------+---------
         Total |       0 |    6850 |   0.0 |       0 |      25 |   0.0 |   677
               +---------+---------+-------+---------+---------+-------+---------
             D |       0 |    6850 |   0.0 |       0 |      25 |   0.0 |   677
               +---------+---------+-------+---------+---------+-------+---------
